 Dungeon Crawl Stone Soup version 0.29.1-1-gd02db69 (webtiles) character file.

Game seed: 10707377329077548914

56 Timinator the Insei (level 3, -2/28 HPs)
             Began as a Demigod Transmuter on Jan 19, 2023.
             Slain by a goblin
             ... wielding a +0 club
             ... led by Robin
              (4 damage)
             ... on level 2 of the Dungeon.
             The game lasted 00:03:46 (1539 turns).

Timinator the Insei (Demigod Transmuter)            Turns: 1539, Time: 00:03:47

Health: -2/28      AC:  3    Str: 11    XL:     3   Next: 47%
Magic:  8/9        EV: 12    Int: 15    God:
Gold:   58         SH:  0    Dex: 18    Spells: 5/6 levels left

rFire   + . .      SeeInvis .     - Unarmed
rCold   . . .      Faith    .   (no shield)
rNeg    . . .      Spirit   .   g - +0 leather armour
rPois   .          Reflect  .   (helmet currently unavailable)
rElec   .          Harm     .   (no cloak)
rCorr   .          Rampage  .   (no gloves)
Will    .....                   (boots currently unavailable)
Stlth   +.........              (no amulet)
HPRegen 0.09/turn               d - ring of protection from fire
MPRegen 0.11/turn               (no ring)

@: appendages
A: horns 2, talons 2, high MP 1, forlorn, divine attributes
a: End Transformation


You were on level 2 of the Dungeon.
You had temporarily grown beastly horns and talons.
You visited 1 branch of the dungeon, and saw 2 of its levels.

You collected 58 gold pieces.

Inventory:

Missiles
 l - 2 atropa-tipped darts (quivered)
Armour
 g - a +0 leather armour (worn)
Jewellery
 d - a ring of protection from fire (left hand)
Scrolls
 c - a scroll of silence {unknown}
 f - 2 scrolls of identify {unknown}
 i - 3 scrolls of poison {unknown}
 k - a scroll of magic mapping {unknown}
Potions
 a - a potion of mutation {unknown}
 b - a potion of lignification
 e - a potion of cancellation {unknown}
 h - a potion of invisibility {unknown}
 j - a potion of curing {unknown}


   Skills:
 + Level 1.3 Fighting
 + Level 0.8 Armour
 + Level 2.1 Dodging
 * Level 3.1 Unarmed Combat
 * Level 2.3 Spellcasting
 + Level 2.1 Transmutations


You had 5 spell levels left.
You knew the following spells:

 Your Spells              Type           Power      Damage    Failure   Level
a - Beastly Appendage     Tmut           16%        N/A       12%         1

Your spell library contained the following spells:

 Spells                   Type           Power      Damage    Failure   Level
 Wereblood                Tmut           8%         N/A       19%         2
 Spider Form              Tmut/Pois      4%         N/A       50%         3
 Ice Form                 Ice/Tmut       4%         N/A       88%         4


Dungeon Overview and Level Annotations

Branches:
Dungeon (2/15)

Shops:
D:1 =

Annotations:
D:2 Robin


Innate Abilities, Weirdness & Mutations

You have temporarily grown beastly horns and talons.
You have an increased reservoir of magic. (+10% MP)
You shall have no god before yourself.
Your divine heritage dramatically boosts your attributes as you level up.


Message History

You hit the goblin.
You kill the goblin!
The hobgoblin hits you but does no damage.
You hit the hobgoblin.
You kill the hobgoblin!
Your horns disappear.
Your talons disappear.
The goblin shouts!
You hit Robin.
Robin is lightly wounded.
You hear a shout!
A hobgoblin comes into view.
Robin hits you with a +0 club.
Casting: Beastly Appendage (safe; 12% risk of failure)
Confirm with . or Enter, or press ? or * to list all spells.
You grow a pair of large bovine horns.
Your feet morph into talons.
Robin hits you with a +0 club.
You hit Robin.
Robin is moderately wounded.
Robin hits you with a +0 club.
* * * LOW HITPOINT WARNING * * *
You hit Robin.
Robin is moderately wounded.
Robin throws the goblin at you!
* * * LOW HITPOINT WARNING * * *
You barely miss Robin. You claw Robin.
Robin is heavily wounded.
The goblin closely misses you. Robin hits you but does no damage.
You hit Robin but do no damage. You claw Robin.
You headbutt Robin, but do no damage.
Robin is almost dead.
The goblin barely misses you. Robin hits you with a +0 club.
* * * LOW HITPOINT WARNING * * *
You hit Robin but do no damage. Your kick misses Robin.
Robin is almost dead.
You hit Robin but do no damage.
Robin is almost dead.
Robin hits you with a +0 club.
* * * LOW HITPOINT WARNING * * *
The goblin hits you with a +0 club.
You die... ###$.. # #..... .#.## ##.#.. ..... #....# #.#.## #.##....# #.# #.......# #.# # #...g# #.#.# .g...###g# ####.#.## g.g

#@# #..... .# g #g#
######.##.##.#
##.###.......#.#...
#............[#..#.
#............###...
#.............#....
#............#.#...
#...........##.##..
...................#


You could see Robin, a hobgoblin and a goblin.

Vanquished Creatures
  A gnoll (D:1)
  2 adders (D:2)
  A ball python (D:2)
  An endoplasm (D:1)
  A giant cockroach (D:1)
  5 hobgoblins
  A quokka (D:1)
  3 bats
  2 frilled lizards (D:2)
  7 goblins (D:2)
  A kobold (D:1)
  3 rats
28 creatures vanquished.

Notes
Turn   | Place    | Note
-------+----------+-------------------------------------------
     0 | D:1      | Timinator the Demigod Transmuter began the quest for the
                  | Orb.
     0 | D:1      | Reached XP level 1. HP: 15/15 MP: 5/5
    27 | D:1      | Found Zongoe's Jewellery Shoppe.
   252 | D:1      | Reached skill level 1 in Fighting
   252 | D:1      | Reached XP level 2. HP: 11/23 MP: 5/7
  1195 | D:2      | Reached skill level 3 in Unarmed Combat
  1203 | D:2      | Reached XP level 3. HP: 7/28 MP: 8/8
  1510 | D:2      | Noticed Robin
  1539 | D:2      | Slain by a goblin

Illustrated notes

Levels and vault maps discovered:
D:1:      elethiomel_arrival_shortcut, layout_loops_corners, serial_shops, shop
D:2:      layout_basic, hellmonk_ecumenical_altar_blasted, minmay_tall_x,
          uniq_robin

Skill      XL: |  1  2 |
---------------+-------+-----
Fighting       | 1 |  1.3
Spellcasting   | 2 |  2.3
Dodging        | 2 |  2.1
Unarmed Combat | 3 |  3.1
Transmutations | 2 |  2.1
Armour         | |  0.8

Action                   || total
-------------------------++-------
Melee: Unarmed           ||    78
       Kick              ||    16
       Headbutt          ||     3
       Punch             ||     3
 Cast: Beastly Appendage ||    15
 Stab: Sleeping          ||     1
Armor: Robe              ||     6
       Leather armour    ||    13
Dodge: Dodged            ||    42
